AoeStats
← 一兵不出真君

Arabia

504972184Analyzed
1v1 RM · 25d ago on Sep 7, 2026· 29m 18s· 2 players
Game mode
Random Map
Map size
Tiny (2 player)
Population
200
Speed
Normal
Resources
Standard
Victory
Conquest
Starting age
Dark Age
Ending age
Imperial Age
RankedLock teamsTeams togetherTeam positionsShared explorationLock speedFull tech treeHidden civsTurbo modeCheats
Victory
Defeat
🇨🇳 Bengalis · China
1871
+27
🇪🇸 Bulgarians · Spain
2146
-27
c3mbrich!
6:41 Loom
8:55 Feudal Age
9:27 Double-Bit Axe
9:23 Horse Collar
20:42 Castle Age
19:13 Scale Barding Armor
19:04 Gold Mining
20:14 Bloodlines
20:48 Town Watch
20:48 Light Cavalry
22:02 Chain Barding Armor
24:28 Forging
27:19 Wheelbarrow
29:03 Iron Casting
28:44 Hand Cart
一兵不出真君
8:34 Feudal Age
7:32 Loom
9:35 Double-Bit Axe
13:16 Horse Collar
16:19 Wheelbarrow
19:55 Castle Age
19:09 Bloodlines
18:51 Gold Mining
20:36 Fletching
21:14 Husbandry
21:29 Bodkin Arrow
24:31 Padded Archer Armor
26:52 Ballistics
28:21 Bow Saw
28:44 Heavy Plow
Connection lost

Rejoining the realm…

Still unreachable

The connection could not be restored.

Session expired

The server has moved on; the page needs a fresh start.